 Dungeon Sprint DCSS version 0.23.2 (webtiles) character file.

Game seed: 18255162477470903958

1150 nuthulu the Quickloader (level 8, -2/65 HPs)
             Began as a Gnoll Wanderer on Apr 7, 2019.
             Was a Priest of Qazlal.
             Killed from afar by a yaktaur (9 damage)
             ... with an exploding inner flame
             ... hexed by the player character
             ... in the Dungeon (Sprint V: "Ziggurat Sprint").
             The game lasted 00:01:51 (263 turns).

nuthulu the Quickloader (Gnoll Wanderer)             Turns: 263, Time: 00:01:52

Health: -2/65      AC: 27    Str: 22    XL:     8   Next: 38%
Magic:  14/18      EV: 10    Int: 16    God:    Qazlal [***...]
Gold:   0          SH:  4    Dex: 20    Spells: 21/21 levels left

rFire    + + .     SeeInvis .   E - +7 great mace "Firestarter" {inner flame, rF++}
rCold    . . .     Gourm    .   (shield currently unavailable)
rNeg     . . .     Faith    .   F - +15 Maxwell's patent armour {-Cast -Tele rElec MR+ rCorr}
rPois    .         Spirit   .   (no helmet)
rElec    +         Reflect  .   (no cloak)
rCorr    +         Harm     .   (no gloves)
MR       +....     NoTele   +   (no boots) Stlth ..........NoCast +
                                (no amulet)
HPRegen  0.20/turn              C - +6 ring of strength
MPRegen  0.16/turn              y - +6 ring of dexterity

@: lethally poisoned (-2 -> -5)
A: distributed training, fangs 1, strong nose
a: Upheaval, Elemental Force, Renounce Religion


You were in the Dungeon.
You worshipped Qazlal.
Qazlal was most pleased with you.
You were not hungry.

You visited 1 branch

Inventory:

Hand Weapons
 a - a +0 club
 E - the +7 great mace "Firestarter" (weapon) {inner flame, rF++}
   (You found it in the Dungeon)

   It has been specially enchanted to burn those struck by it, causing extra
   injury to most foes and up to half again as much damage against particularly
   susceptible opponents.
   It greatly protects you from fire.
Armour
 d - a +0 robe
 F - the +15 Maxwell's patent armour (worn) {-Cast -Tele rElec MR+ rCorr}
   (You found it in the Dungeon)

   It insulates you from electricity.
   It affects your resistance to hostile enchantments.
   It prevents spellcasting.
   It prevents most forms of teleportation.
   It provides partial protection from all sources of acid and corrosion.
Jewellery
 y - a +6 ring of dexterity (right hand)
 z - a +6 ring of dexterity
 A - a +6 ring of intelligence
 B - a +6 ring of intelligence
 C - a +6 ring of strength (left hand)
 D - a +6 ring of strength
Wands
 v - a wand of disintegration (7)
 w - a wand of iceblast (7)
 x - a wand of acid (7)
Scrolls
 l - 4 scrolls of blinking
 m - a scroll of brand weapon
 p - 4 scrolls of amnesia
 q - 7 scrolls of fog
 r - a scroll of holy word
 s - 5 scrolls of identify
 t - 5 scrolls of remove curse
 u - 2 scrolls of fear
Potions
 b - 2 potions of brilliance
 c - 2 potions of invisibility
 e - 4 potions of resistance
 g - 9 potions of curing
 h - 10 potions of heal wounds
 i - 6 potions of haste
 j - 7 potions of magic
 k - 3 potions of berserk rage
 n - 5 potions of agility
 o - 5 potions of might
Comestibles
 f - 7 rations


   Skills:
 + Level 6.4 Fighting
 + Level 6.4 Short Blades
 + Level 6.4 Long Blades
 + Level 6.4 Axes
 + Level 6.4 Maces & Flails
 + Level 6.4 Polearms
 + Level 6.4 Staves
 + Level 6.4 Slings
 + Level 6.4 Bows
 + Level 9.2 Crossbows
 + Level 6.4 Throwing
 + Level 6.4 Armour
 + Level 6.4 Dodging
 + Level 6.4 Stealth
 + Level 7.0 Shields
 + Level 6.4 Unarmed Combat
 + Level 7.1 Spellcasting
 + Level 5.3 Conjurations
 + Level 5.8 Hexes
 + Level 5.3 Charms
 + Level 5.3 Summonings
 + Level 5.3 Necromancy
 + Level 7.7 Translocations
 + Level 5.3 Transmutations
 + Level 5.3 Fire Magic
 + Level 5.3 Ice Magic
 + Level 5.3 Air Magic
 + Level 5.3 Earth Magic
 + Level 5.3 Poison Magic
 + Level 7.0 Invocations
 + Level 7.0 Evocations


You had 21 spell levels left.
You didn't know any spells.
Your spell library contained the following spells:

 Spells                   Type           Power        Failure   Level  Hunger
 Blink                    Tloc           N/A          14%         2    None
 Shroud of Golubria       Chrm/Tloc      ####......   22%         2    None
 Beastly Appendage        Tmut           ###...       24%         1    None
 Freeze                   Ice            ###.         24%         1    None
 Gell's Gravitas          Tloc           ####......   26%         3    ##.....
 Lesser Beckoning         Tloc           ####......   26%         3    ##.....
 Teleport Other           Tloc           ####....     26%         3    ##.....
 Ignite Poison            Fire/Tmut/Pois ###.....     58%         3    ##.....
 Ozocubu's Armour         Chrm/Ice       ###.....     58%         3    ##.....
 Passage of Golubria      Tloc           N/A          65%         4    ####...


Dungeon Overview and Level Annotations

Branches:
Dungeon (1/1)

Altars:
Ashenzari
Cheibriados
Dithmenos
Elyvilon
Fedhas
Gozag
Hepliaklqana
Kikubaaqudgha
Makhleb
Nemelex Xobeh
Okawaru
Qazlal
Ru
Sif Muna
Trog
Uskayaw
Vehumet
Wu Jian
Xom
Yredelemnul
Zin
The Shining One
Beogh
Jiyva
Lugonu

Annotations:
D 1 transporter


Innate Abilities, Weirdness & Mutations

Your experience applies equally to all skills.
You have very sharp teeth.
Your uncanny sense of smell can sniff out nearby items.


Message History

* * * LOW HITPOINT WARNING * * *
You are more poisoned.
Unknown command.
Unknown command.
You feel better.
The yaktaur hits you but does no damage.
Unknown command.
Unknown command.
You hit the yaktaur. You burn the yaktaur.
The yaktaur is filled with an inner flame.
The yaktaur is almost dead.
The yaktaur hits you with a +0 whip of venom.
* * * LOW HITPOINT WARNING * * *
You are poisoned.
Unknown command.
Unknown command.
You bludgeon the yaktaur!! You burn the yaktaur.
The yaktaur explodes!
The fiery explosion engulfs you! You resist.
You die...

▓.....▓.....▓.....▓
▓.....▓.....▓.....▓
▓.....▓.....▓..©..▓
▓..©..▓..©..▓▓▓▓▓▓▓
▓▓▓▓▓▓▓▓▓▓▓▓▓▓
▓..8©8...▓
▓...§§§..▓ ∆∆∆
▓..§§§§..▓ ∆ ∆
▓..§@)§..▓
▓..°(°...▓ ∆
▓.▓.(..▓.▓ ∆
▓...©....▓
▓▓▓▓▓▓▓▓▓▓ ∆∆∆∆ ∆∆∆


There were no monsters in sight!

Vanquished Creatures
  3 yaktaurs (D)
  A slime creature (D)
  An eye of draining (D)
  4 jellies (D)
  3 oozes (D)
12 creatures vanquished.

Notes
Turn   | Place    | Note
-------+----------+-------------------------------------------
     0 | D        | Found the +6 Majin-Bo {vamp, Archmagi MP+6 Int+6}
     0 | D        | Found the +7 great mace "Firestarter" {inner flame, rF++}
     0 | D        | nuthulu the Gnoll Wanderer began the quest for the Orb.
     0 | D        | nuthulu set off with the following items: a +0 club, a +0
                  | robe, a ration, a potion of curing, a potion of heal
                  | wounds, a potion of haste, 2 potions of magic, a potion of
                  | berserk rage, a scroll of blinking; and the following
                  | spells available to memorise: Blink, Gell's Gravitas,
                  | Lesser Beckoning, Teleport Other, Shroud of Golubria,
                  | Beastly Appendage, Freeze, Passage of Golubria, Ignite
                  | Poison, Ozocubu's Armour
     0 | D        | Reached XP level 1. HP: 13/13 MP: 4/4
     0 | D        | Found a deep blue altar of Sif Muna.
     0 | D        | Found a sacrificial altar of Ru.
     0 | D        | Found a bloodstained altar of Trog.
     0 | D        | Found a stormy altar of Qazlal.
     0 | D        | Found an iron altar of Okawaru.
     0 | D        | Found a sparkling altar of Nemelex Xobeh.
     0 | D        | Found a blossoming altar of Fedhas.
     2 | D        | Found a transporter.
     2 | D        | Found an ancient bone altar of Kikubaaqudgha.
     2 | D        | Found a viscous altar of Jiyva.
     2 | D        | Found a corrupted altar of Lugonu.
     2 | D        | Found a hazy altar of Hepliaklqana.
     2 | D        | Found a burning altar of Makhleb.
     2 | D        | Found an opulent altar of Gozag.
    22 | D        | Found the +9 heavy crossbow "Sniper" {velocity, Acc+∞ SInv}
    22 | D        | Found the +10 dark maul {crush}
    22 | D        | Found the +15 Maxwell's patent armour {-Cast -Tele rElec
                  | MR+ rCorr}
    22 | D        | Found the +18 shield of the Gong {rElec rN+ MR+ EV-5}
    22 | D        | Found the cursed +14 obsidian axe {chop, +Fly SInv *Curse}
    23 | D        | Found the +6 shillelagh "Devastator" {shatter}
    23 | D        | Found the +11 plutonium sword {*Contam Stlth-}
    23 | D        | Found the +8 lance "Wyrmbane" {slay drac, rPois rF+ rC+
                  | AC+3}
    23 | D        | Found the +9 sword of Zonguldrok {reap}
    23 | D        | Found the cursed +13 scythe of Curses {drain, *Curse}
    23 | D        | Found the +0 sword of Power
    23 | D        | Found the +7 mace of Variability {chain chaos}
    23 | D        | Found the +7 Singing Sword {slice, sonic wave}
    23 | D        | Found the +7 longbow "Piercer" {penet, EV-2}
    67 | D        | Became a worshipper of Qazlal Stormbringer
    75 | D        | Entered arena 2.
    75 | D        | Noticed an eye of draining
    75 | D        | Noticed a jelly
    75 | D        | Found a transporter.
    76 | D        | Reached skill level 7 in Crossbows
    76 | D        | Reached skill level 1 in Conjurations
    76 | D        | Reached skill level 1 in Charms
    76 | D        | Reached skill level 1 in Summonings
    76 | D        | Reached skill level 1 in Necromancy
    76 | D        | Reached skill level 1 in Transmutations
    76 | D        | Reached skill level 1 in Fire Magic
    76 | D        | Reached skill level 1 in Ice Magic
    76 | D        | Reached skill level 1 in Air Magic
    76 | D        | Reached skill level 1 in Earth Magic
    76 | D        | Reached skill level 1 in Poison Magic
    76 | D        | Reached XP level 2. HP: 22/22 MP: 4/6
    77 | D        | Reached XP level 3. HP: 28/28 MP: 4/8
    79 | D        | Killed an eye of draining
    79 | D        | Reached XP level 4. HP: 28/36 MP: 4/10
    79 | D        | Reached XP level 5. HP: 32/41 MP: 4/11
   147 | D        | Entered arena 3.
   147 | D        | Found a transporter.
   151 | D        | Reached * piety under Qazlal
   154 | D        | Reached skill level 5 in Spellcasting
   225 | D        | Entered arena 4.
   225 | D        | Noticed a slime creature
   225 | D        | Found a transporter.
   226 | D        | Found the +8 whip "Snakebite" {curare, rPois}
   228 | D        | Reached ** piety under Qazlal
   229 | D        | Reached skill level 5 in Shields
   229 | D        | Reached skill level 5 in Evocations
   229 | D        | Reached XP level 6. HP: 45/48 MP: 13/13
   229 | D        | Killed a slime creature
   229 | D        | Reached skill level 5 in Fighting
   229 | D        | Reached skill level 5 in Short Blades
   229 | D        | Reached skill level 5 in Long Blades
   229 | D        | Reached skill level 5 in Axes
   229 | D        | Reached skill level 5 in Maces & Flails
   229 | D        | Reached skill level 5 in Polearms
   229 | D        | Reached skill level 5 in Staves
   229 | D        | Reached skill level 5 in Slings
   229 | D        | Reached skill level 5 in Bows
   229 | D        | Reached skill level 8 in Crossbows
   229 | D        | Reached skill level 5 in Throwing
   229 | D        | Reached skill level 5 in Armour
   229 | D        | Reached skill level 5 in Dodging
   229 | D        | Reached skill level 5 in Stealth
   229 | D        | Reached skill level 5 in Unarmed Combat
   229 | D        | Reached skill level 5 in Invocations
   254 | D        | Entered arena 5.
   254 | D        | Noticed a yaktaur
   254 | D        | Noticed a yaktaur
   254 | D        | Noticed a yaktaur
   254 | D        | Noticed a yaktaur
   254 | D        | Found a transporter.
   260 | D        | Killed a yaktaur
   260 | D        | Reached *** piety under Qazlal
   260 | D        | Reached skill level 5 in Hexes
   260 | D        | Reached XP level 7. HP: 18/57 MP: 14/16
   260 | D        | Killed a yaktaur
   260 | D        | Reached skill level 9 in Crossbows
   260 | D        | Reached skill level 5 in Conjurations
   260 | D        | Reached skill level 5 in Charms
   260 | D        | Reached skill level 5 in Summonings
   260 | D        | Reached skill level 5 in Necromancy
   260 | D        | Reached skill level 5 in Transmutations
   260 | D        | Reached skill level 5 in Fire Magic
   260 | D        | Reached skill level 5 in Ice Magic
   260 | D        | Reached skill level 5 in Air Magic
   260 | D        | Reached skill level 5 in Earth Magic
   260 | D        | Reached skill level 5 in Poison Magic
   260 | D        | Reached XP level 8. HP: 11/64 MP: 14/18
   260 | D        | Killed a yaktaur
   263 | D        | Killed a yaktaur
   263 | D        | Killed from afar by a yaktaur

Skill      XL: |  1  2  3  4  5  6  7  8 |
---------------+-------------------------+-----
Fighting       | 2 3 4 5 6 |  6.4
Short Blades   | 2 3 4 5 6 |  6.4
Long Blades    | 2 3 4 5 6 |  6.4
Axes           | 2 3 4 5 6 |  6.4
Maces & Flails | 2 3 4 5 6 |  6.4
Polearms       | 2 3 4 5 6 |  6.4
Staves         | 2 3 4 5 6 |  6.4
Slings         | 2 3 4 5 6 |  6.4
Bows           | 2 3 4 5 6 |  6.4
Crossbows      | 7 8 9 |  9.2
Throwing       | 2 3 4 5 6 |  6.4
Armour         | 2 3 4 5 6 |  6.4
Dodging        | 2 3 4 5 6 |  6.4
Stealth        | 2 3 4 5 6 |  6.4
Shields        | 3 4 5 6 7 |  7.0
Unarmed Combat | 2 3 4 5 6 |  6.4
Spellcasting   | 3 4 5 6 7 |  7.1
Conjurations   | 1 2 3 4 5 |  5.3
Hexes          | 2 3 4 5 |  5.8
Charms         | 1 2 3 4 5 |  5.3
Summonings     | 1 2 3 4 5 |  5.3
Necromancy     | 1 2 3 4 5 |  5.3
Transmutations | 1 2 3 4 5 |  5.3
Fire Magic     | 1 2 3 4 5 |  5.3
Ice Magic      | 1 2 3 4 5 |  5.3
Air Magic      | 1 2 3 4 5 |  5.3
Earth Magic    | 1 2 3 4 5 |  5.3
Poison Magic   | 1 2 3 4 5 |  5.3
Invocations    | 2 3 4 6 7 |  7.0
Evocations     | 3 4 5 6 7 |  7.0
Translocations | 6 7 |  7.7

Action                   |  1- 3 |  4- 6 |  7- 9 || total
-------------------------+-------+-------+-------++-------
Melee: Great mace        |     3 |    10 |     2 ||    15
       Bite              |     2 |     2 |       ||     4
  Use: Potion            |     1 |       |     1 ||     2
Armor: Plate armour      |       |    14 |     1 ||    15
Dodge: Dodged            |       |     6 |       ||     6
Block: Other             |       |     2 |       ||     2
